 Dungeon Crawl Stone Soup version 0.30-a0-996-ga6910c8ee8 (webtiles) character file.

Game seed: 17187598052129303111

168 Zeldest the Ducker (level 4, -6/29 HPs)
             Began as a Vampire Monk on Apr 4, 2023.
             Was a Follower of Ru.
             Mangled by a gnoll
             ... wielding a +0 flail
             ... led by a gnoll bouda
              (10 damage)
             ... on level 5 of the Dungeon.
             The game lasted 00:06:15 (3271 turns).

Zeldest the Ducker (Vampire Monk)                   Turns: 3271, Time: 00:06:15

Health: -6/29      AC:  0    Str:  9 (10) XL:     4   Next: 24%
Magic:  4/4        EV: 23    Int: 12      God:    Ru [*.....]
Gold:   241        SH:  0    Dex: 24      Spells: 3/3 levels left

rFire   . . .      SeeInvis +      - Unarmed
rCold   + + .      Faith    .    (shield currently unavailable)
rNeg    + + +      Spirit   .    a - melded +0 robe
rPois   ∞          Reflect  .    (helmet currently unavailable)
rElec   .          Rampage  .    c - melded +0 cloak
rCorr   .                        (gloves currently unavailable)
Will    .....                    (boots currently unavailable)
Stlth   +++++                    (no amulet)
HPRegen 0.00/turn                (ring currently unavailable)
MPRegen 0.09/turn                (ring currently unavailable)

@: bat-form, flying, bloodless, inhibited regen, very quick
A: fast, flying, no casting, tiny, bloodless, fangs 3, see invisible,
inexperienced 1, vampiric 2
a: Revivify, End Transformation, Renounce Religion


You were on level 5 of the Dungeon.
You worshipped Ru.
Ru was aware of your devotion.
You were a vampire bat.
You visited 2 branches of the dungeon, and saw 6 of its levels.

You collected 241 gold pieces.

Inventory:

Armour
 a - a +0 robe (melded)
 c - a +0 cloak (melded)
Scrolls
 d - 3 scrolls of blinking {unknown}
 e - 2 scrolls of magic mapping {unknown}
 f - 3 scrolls of immolation {unknown}
 g - a scroll of poison {unknown}
 i - 4 scrolls of teleportation {unknown}
 j - 2 scrolls of identify {unknown}
 k - a scroll of brand weapon {unknown}
 m - a scroll of vulnerability {unknown}
 n - a scroll of torment {unknown}
 o - 3 scrolls of noise {unknown}
 p - a scroll of enchant weapon {unknown}
 q - a scroll of fog {unknown}
 r - a scroll of butterflies {unknown}
 s - a scroll of enchant armour {unknown}
 t - a scroll of acquirement {unknown}
 v - a scroll of silence {unknown}
Potions
 b - a potion of ambrosia
 h - a potion of curing {unknown}
 l - 2 potions of lignification {unknown}
 u - 2 potions of flight {unknown}


   Skills:
 + Level 3.7 Fighting
 + Level 4.5 Dodging
 - Level 3.0 Stealth
 + Level 4.1 Unarmed Combat
 - Level 1.1 Invocations
 + Level 1.1 Evocations


You had 3 spell levels left.
You didn't know any spells.
Your spell library contained the following spells:

 Spells                   Type           Power      Damage    Failure   Level
 Summon Small Mammal      Summ           0%         N/A       32%         1
 Call Canine Familiar     Summ           0%         N/A       69%         3
 Summon Guardian Golem    Hex/Summ       0%         N/A       69%         3


Dungeon Overview and Level Annotations

Branches:
Dungeon (5/15) Zot: 26924  Temple (1/1) D:4 Zot: 5969

Altars:
Ashenzari
Hepliaklqana
Nemelex Xobeh
Ru
Uskayaw
Wu Jian
Yredelemnul

Annotations:
D:2 1 runed translucent door, Crazy Yiuf


Innate Abilities, Weirdness & Mutations

You are a vampire bat.
You are tiny and dextrous.
You move quickly.
You are flying.
You are immune to poison.
Your equipment is almost entirely melded.
You are incapable of wielding weapons or throwing items.
You cannot cast spells.
You do not regenerate when monsters are visible.
You are frail without blood (-20% HP).
You can heal yourself when you bite living creatures.
You are immune to poison.
You have razor-sharp teeth.
You have supernaturally acute eyesight. (SInv)
You are somewhat inexperienced. (-1 XL)
You are afflicted with vampirism and can become a bat while bloodless.


Message History

There is a stone staircase leading up here.
u - 2 golden potions (gained 1)
A gnoll comes into view. It is wielding a +0 flail.
A gnoll is nearby!
A gnoll comes into view. It is wielding a +0 spear.
You see here a scroll labelled RIOTUS QULA.
v - a scroll labelled RIOTUS QULA A gnoll comes into view.
It is wielding a +0 flail.
The gnoll shouts! x2; You hear a shout! x2
You hit the gnoll.
The gnoll is lightly wounded.
The gnoll completely misses you.
A gnoll bouda comes into view. It is wielding a +0 whip.
You hit the gnoll.
The gnoll is moderately wounded.
The gnoll hits you from afar with a +0 spear.
The gnoll hits you with a +0 flail!
Ouch! That really hurt!
You hit the gnoll.
The gnoll is heavily wounded.
The gnoll misses you.
You hit the gnoll but do no damage.
The gnoll is heavily wounded.
The gnoll bouda barks out a call to the hunt!
The gnolls pick up the pace!
You hear a shout!
There is a stone staircase leading down here.
You fly downwards.
There is a stone staircase leading up here.
You start resting.
HP restored.
You fly upwards.
The gnoll closely misses you. x2
There is a stone staircase leading down here.
The gnoll hits you with a +0 flail!
You fly downwards.
There is a stone staircase leading up here.
You hit the gnoll but do no damage. The gnoll hits you with a +0 flail!
* * * LOW HITPOINT WARNING * * *
You hit the gnoll but do no damage. The gnoll hits you with a +0 flail!
You die...

#.#
#.#
#..
#.#
#.#
#.#
#g#
#b#
###


You could see a gnoll.

Vanquished Creatures
  A hound (D:4)
  Jessica (D:2)
  A gnoll (D:1)
  2 adders (D:3)
  A worm (D:4)
  2 dart slugs
  5 orcs
  12 ball pythons
  6 bats
  7 endoplasms
  4 giant cockroaches
  5 hobgoblins
  8 kobolds
  3 quokkas
  3 frilled lizards
  5 goblins
  5 rats
71 creatures vanquished.

Vanquished Creatures (others)
  4 plants (D:4)
4 creatures vanquished.

Grand Total: 75 creatures vanquished

Notes
Turn   | Place    | Note
-------+----------+-------------------------------------------
     0 | D:1      | Zeldest the Vampire Monk began the quest for the Orb.
     0 | D:1      | Reached XP level 1. HP: 17/17 MP: 1/1
    56 | D:1      | Reached XP level 2. HP: 21/23 MP: 2/2
   313 | D:1      | Gained mutation: You are afflicted with vampirism and can
                  | become a bat while bloodless. [Vampire growth]
   313 | D:1      | Reached XP level 3. HP: 23/23 MP: 3/3
   836 | D:2      | Noticed Jessica
   855 | D:2      | Killed Jessica
   856 | D:2      | Reached XP level 4. HP: 11/28 MP: 4/4
  1709 | D:2      | Found a runed translucent door.
  1710 | D:2      | Noticed Crazy Yiuf
  2455 | D:3      | Identified the +2 long sword of Asat {antimagic, rElec
                  | rCorr Int-2}
  2932 | D:4      | Reached skill level 1 in Invocations
  2932 | D:4      | Reached skill level 1 in Evocations
  2932 | D:4      | Reached XP level 5. HP: 15/33 MP: 5/5
  3044 | D:4      | Found a staircase to the Ecumenical Temple.
  3054 | Temple   | Entered the Ecumenical Temple
  3099 | Temple   | Became a worshipper of Ru the Awakened
  3124 | D:4      | Gained mutation: You are somewhat inexperienced. (-1 XL)
                  | [Ru sacrifice]
  3124 | D:4      | Reached XP level 4. HP: 29/29 MP: 4/4
  3124 | D:4      | Reached * piety under Ru
  3197 | D:5      | Entered Level 5 of the Dungeon
  3271 | D:5      | Mangled by a gnoll

Illustrated notes

Levels and vault maps discovered:
D:1:      saegor_arrival_simple_c, layout_rooms, hangedman_decor_push,
          nrook_mini_backslash
D:2:      layout_basic, hangedman_decor_growths, nrook_mini_vaults,
          kennysheep_nondescript, uniq_jessica, uniq_crazy_yiuf_cottage
D:3:      layout_loops_ring, minmay_ruptured
D:4:      layout_rooms, minmay_temple_entry_gardened_gates
D:5:      layout_basic, lightli_temple_of_fire, corexii_corridor_pit,
          dk_rats_in_the_wall
Temple:   kb_temple_of_zot

Skill      XL: |  1  2  3  4 |
---------------+-------------+-----
Fighting       | 3 |  3.7
Dodging        | 4 |  4.5
Unarmed Combat | 4 |  4.1
Invocations    | 1 |  1.1
Evocations     | 1 |  1.1
Stealth        | |  3.0

Action                     |  1- 3 |  4- 6 || total
---------------------------+-------+-------++-------
  Melee: Unarmed           |   104 |   190 ||   294
         Bite              |    14 |    31 ||    45
         Punch             |     2 |       ||     2
 Invoke: Sacrifice Experie |       |     1 ||     1
Ability: Exsanguinate      |     1 |       ||     1
         Bat Form          |     1 |       ||     1
   Stab: Sleeping          |     8 |    19 ||    27
 Armour: Robe              |    12 |       ||    12
  Dodge: Dodged            |    90 |   127 ||   217

Table legend: (Time is in decaauts)
 A = Elapsed time spent in this place.
 B = Non-inter-level travel time spent in this place.
 C = Inter-level travel time spent in this place.
 D = Time resting spent in this place.
 E = Time spent auto-exploring this place.
 F = Levels seen in this place.
 G = Mean time per level.
                   A        B        C        D        E       F      G
               +--------+--------+--------+--------+--------+-----+--------+
         Total |   2471 |   2377 |     94 |    689 |   1041 |   6 |  411.8 |
       Dungeon |   2440 |   2359 |     81 |    689 |   1029 |   5 |  488.0 |
        Temple |     31 |     19 |     12 |      0 |     11 |   1 |   31.0 |
               +--------+--------+--------+--------+--------+-----+--------+

Top non-repeatable levels by time:
     D:2: 792 daAuts
     D:3: 664 daAuts
     D:1: 568 daAuts
     D:4: 344 daAuts
     D:5: 72 daAuts
  Temple: 31 daAuts
